cohdb
Replays
Latest Replays
All Replays
Popular Replays
Top Player Replays
Match Explorer
How It Works
Community
CoH3 Stats
Reddit
Sign in to upload your games and track your stats! →
Sign in with Steam
Match 42373441
Unlisted
Match 42373441
Overview
Messages
Build Orders
End
Kradschützen Motorcycle Team
Selects Panzerjäger Kommand Battlegroup
Selects Mine Fields
Panzergrenadier Squad
Panzerpioneer Squad
Construct Light Support Kompanie
Panzergrenadier Squad
2.5-tonne Medical Truck
MG34 Team
Assault Mechanized Group
Fire Support Elements
Flakvierling Half-track
Selects Defensive Positions
Selects Tank Busters
Selects Butterfly Bomb Drop
Combat Half-tracks
Panzerjäger Squad
Panzerjäger Mechanized Group
Mo-J
Wheeler
MERCENARYCORPS
Enoche
0
0
Comments
sign in to comment!
No comments posted yet!